 Dungeon Crawl Stone Soup version 0.31.0 (webtiles) character file.

Game seed: 8451849646247467101

413 Daunt the Cleaver (level 6, -1/84 HPs)
             Began as a Hill Orc Reaver on Jan 20, 2024.
             Was an Initiate of Beogh.
             Incinerated by a bombardier beetle (3 damage)
             ... with a burning spray
             ... on level 5 of the Dungeon.
             The game lasted 00:11:39 (3525 turns).

Daunt the Cleaver (Hill Orc Reaver)                 Turns: 3525, Time: 00:11:39

Health: -1/84      AC:  9    Str: 17    XL:     6   Next: 90%
Magic:  8/8        EV:  7    Int: 13    God:    Beogh [......]
Gold:   251        SH:  0    Dex:  9    Spells: 7/8 levels left

rFire   . . .        a - +0 hand axe
rCold   . . .        (no shield)
rNeg    . . .        h - +0 chain mail
rPois   .            (no helmet)
rElec   .            f - +0 cloak
rCorr   .            (no gloves)
SInv    .            (no boots)
Will    .....        (no amulet) Stlth
                     (no ring)
HPRegen 0.34/turn    (no ring)
MPRegen 0.11/turn

%: no passive effects
@: berserking, on fire, glowing, very quick
A: no striking features
a: Renounce Religion


You were on level 5 of the Dungeon.
You worshipped Beogh.
Beogh was noncommittal.
You visited 1 branch of the dungeon, and saw 5 of its levels.
You also visited: Sewer.

You collected 251 gold pieces.

Inventory:

Hand Weapons
 a - a +0 hand axe (weapon)
 b - a +0 sling
Missiles
 g - 63 stones
 v - 2 poisoned darts
 x - a boomerang
 B - a throwing net
Armour
 f - a +0 cloak (worn)
 h - a +0 chain mail (worn)
 s - a +0 ring mail
 t - a +0 leather armour
Wands
 y - a wand of paralysis (10)
Scrolls
 c - 2 scrolls of teleportation {unknown}
 i - 2 scrolls of enchant armour {unknown}
 j - 2 scrolls of amnesia {unknown}
 k - a scroll of immolation {unknown}
 l - a scroll of enchant weapon {unknown}
 n - 2 scrolls of revelation {unknown}
 q - 2 scrolls of identify {unknown}
 w - a scroll of fog {unknown}
 A - 2 scrolls of fear {unknown}
Potions
 d - a potion of degeneration {unknown}
 e - 2 potions of lignification
 m - a potion of curing {unknown}
 r - a potion of haste {unknown}
 u - 2 potions of enlightenment {unknown}
 z - a potion of invisibility {unknown}


   Skills:
 + Level 5.3 Fighting
 * Level 8.3 Axes
 - Level 1.5 Dodging
 - Level 1.5 Spellcasting
 - Level 3.0 Conjurations


You had 7 spell levels left.
You knew the following spells:

 Your Spells              Type           Power      Damage    Failure   Level
a - Kiss of Death         Conj/Necr      16%        2d6       88%         1

Your spell library contained the following spells:

 Spells                   Type           Power      Damage    Failure   Level
 Momentum Strike          Conj/Tloc      8%         3d8       95%         2
 Summon Small Mammal      Summ           4%         N/A       98%         1
 Hailstorm                Conj/Ice       4%         3d5       99%         3
 Call Canine Familiar     Summ           1%         N/A       100%        3
 Summon Blazeheart Golem  Fire/Summ      1%         N/A       100%        4


Dungeon Overview and Level Annotations

Branches:
Dungeon (5/15)              Sewer (visited)
 Temple: D:4-7

Altars:
Kikubaaqudgha
Trog
Vehumet

Annotations:
D:5 Sigmund


Message History

The burning spray hits you.
You are even more covered in liquid fire!
Unknown command.
You feel much better. The liquid fire burns you!
You hit the bombardier beetle.
You punch the bombardier beetle, but do no damage.
The bombardier beetle is heavily wounded.
The liquid fire burns you!
The bombardier beetle barely misses you.
You hit the bombardier beetle.
The bombardier beetle is heavily wounded.
The liquid fire burns you!
You barely miss the bombardier beetle.
The bombardier beetle is heavily wounded.
The liquid fire burns you!
* * * LOW HITPOINT WARNING * * *
The bombardier beetle bites you.
* * * LOW HITPOINT WARNING * * *
A red film seems to cover your vision as you go berserk!
You feel yourself moving faster!
You feel mighty! The liquid fire burns you!
* * * LOW HITPOINT WARNING * * *
The bombardier beetle barely misses you.
You hit the bombardier beetle.
The bombardier beetle is almost dead.
The liquid fire burns you!
* * * LOW HITPOINT WARNING * * *
You hit the bombardier beetle.
The bombardier beetle is almost dead.
The liquid fire burns you!
* * * LOW HITPOINT WARNING * * *
You hit the bombardier beetle.
You kill the bombardier beetle!
Beogh accepts your kill. The liquid fire burns you!
* * * LOW HITPOINT WARNING * * *
You shake off some of the fire as you move.
The liquid fire burns you!
You die...

##################
......).........># ########
#######...######.###......#
.......# #...#.####.###
#.....^# #.#.#.##.#.#<#
#......# #.#......#.#.###
## #......#
#@#.#....#.....# .#
###....# #.##########.#.# .
#....######......... #.#.#
...#..####### #.#.# #.#..#
#.#.# .## #....# #...#
.....###.###.# #####
#...........# ##.#..#.#####


There were no monsters in sight!

Vanquished Creatures
  Pargi (Sewer)
  A kobold brigand (D:5)
  A brain worm (Sewer)
  A bombardier beetle (D:5)
  A jelly (D:5)
  An adder (D:3)
  A river rat (D:4)
  3 ribbon worms
  4 dart slugs
  9 orcs
  9 bats
  6 endoplasms
  5 giant cockroaches
  A goblin (D:1)
  3 hobgoblins
  2 jackals (D:3)
  8 kobolds
  2 quokkas
  9 ball pythons
  7 frilled lizards
  5 rats
80 creatures vanquished.

Vanquished Creatures (others)
  A dart slug (D:4)
1 creature vanquished.

Grand Total: 81 creatures vanquished

Notes
Turn   | Place    | Note
-------+----------+-------------------------------------------
     0 | D:1      | Daunt the Hill Orc Reaver began the quest for the Orb.
     0 | D:1      | Reached XP level 1. HP: 18/18 MP: 3/3
    64 | D:1      | Reached XP level 2. HP: 8/25 MP: 4/4
   481 | D:1      | Reached skill level 5 in Axes
   725 | D:2      | Reached XP level 3. HP: 29/31 MP: 5/5
  1067 | D:2      | Found an ancient bone altar of Kikubaaqudgha.
  1675 | D:3      | Found a faded altar of an unknown god.
  1920 | D:3      | Reached XP level 4. HP: 38/38 MP: 6/6
  1963 | D:3      | Found a bloodstained altar of Trog.
  2234 | D:4      | Reached skill level 6 in Axes
  2312 | D:4      | Noticed a kobold brigand
  2359 | D:4      | Found a radiant altar of Vehumet.
  2422 | D:4      | Found a glowing drain.
  2476 | Sewer    | Entered a sewer
  2501 | Sewer    | Noticed a brain worm
  2522 | Sewer    | Killed a brain worm
  2523 | Sewer    | Reached XP level 5. HP: 25/47 MP: 3/7
  2615 | Sewer    | Noticed Pargi
  2657 | Sewer    | Killed Pargi
  2658 | Sewer    | Reached skill level 7 in Axes
  2658 | Sewer    | Reached XP level 6. HP: 38/55 MP: 8/8
  2887 | D:4      | Became a worshipper of Beogh the Brigand
  3201 | D:5      | Entered Level 5 of the Dungeon
  3218 | D:5      | Noticed Sigmund
  3307 | D:5      | Reached skill level 5 in Fighting
  3307 | D:5      | Reached skill level 8 in Axes
  3523 | D:5      | HP: 3/84 [burnt (3)]
  3525 | D:5      | Incinerated by a bombardier beetle

Illustrated notes

Levels and vault maps discovered:
D:1:      wheals_arrival_linesprint, layout_rooms, minmay_misc_feat_room
D:2:      layout_loops_ring, basic_altar
D:3:      layout_loops_ring, marbit_many_paths,
          chequers_ecumenical_altar_simple_redux, roderic_roman_lattice
D:4:      layout_basic, mainiacjoe_overflow_alcove_4,
          mainiacjoe_sewer_entry_somewhere_in_here_1, lexackson_kobold_supper
D:5:      layout_basic, gammafunk_temple_overflow_statue, uniq_sigmund

Skill      XL: |  1  2  3  4  5  6 |
---------------+-------------------+-----
Fighting       | 3 4 5 |  5.3
Axes           | 5 6 7 8 |  8.3
Dodging        | |  1.5
Spellcasting   | |  1.5
Conjurations   | |  3.0

Action                     |  1- 3 |  4- 6 || total
---------------------------+-------+-------++-------
  Melee: Hand axe          |   121 |   157 ||   278
         Punch             |       |     1 ||     1
   Fire: Sling             |       |    28 ||    28
 Invoke: Convert to Beogh  |       |     1 ||     1
  Evoke: Wand              |     2 |     8 ||    10
    Use: Potion            |       |     4 ||     4
 Armour: Leather armour    |    63 |    81 ||   144
         Skin              |       |    47 ||    47
         Chain mail        |       |     7 ||     7
  Dodge: Dodged            |    53 |    80 ||   133
